 Dungeon Crawl Stone Soup version 0.31-a0-188-g5e087ee2ca (webtiles) character file.

Game seed: 3354350213362325359

73 qw the Shooter (level 4, -4/25 HPs)
             Began as a Deep Elf Hunter on June 23, 2023.
             Slain by a gnoll
             ... wielding a +0 flail
              (11 damage)
             ... on level 2 of the Dungeon.
             The game lasted 00:00:26 (1260 turns).

qw the Shooter (Deep Elf Hunter)                    Turns: 1260, Time: 00:00:27

Health: -4/25      AC:  3    Str: 10    XL:     4   Next: 8%
Magic:  6/6        EV: 12    Int: 14    God:
Gold:   133        SH:  0    Dex: 18    Spells: 3/3 levels left

rFire   . . .        Y - +0 shortbow
rCold   . . .        (shield currently unavailable)
rNeg    . . .        c - +0 leather armour
rPois   .            (no helmet)
rElec   .            (no cloak)
rCorr   .            (no gloves)
SInv    .            (no boots)
Will    .....        (no amulet)
Stlth   ++           (no ring)
HPRegen 0.24/turn    (no ring)
MPRegen 0.10/turn

%: no passive effects
@: no status effects
A: no striking features
a: no special abilities


You were on level 2 of the Dungeon.
You visited 1 branch of the dungeon, and saw 2 of its levels.

You collected 133 gold pieces.


   Skills:
 - Level 1.5 Fighting
 + Level 7.5 Ranged Weapons
 - Level 2.4 Dodging
 - Level 1.2 Stealth


You had 3 spell levels left.
You didn't know any spells.
Your spell library was empty.

Inventory:

Hand Weapons
 Y - a +0 shortbow (weapon)
Armour
 c - a +0 leather armour (worn)
Scrolls
 a - a scroll of teleportation {unknown}
 b - a scroll of blinking {unknown}
 f - a scroll of identify
 h - a scroll of enchant weapon {unknown}
Potions
 d - a potion of attraction {unknown}
 e - 2 potions of curing {unknown}
 g - a potion of haste {unknown}

Dungeon Overview and Level Annotations

Branches:
Dungeon (2/15)

Altars:


Message History

A gnoll comes into view. It is wielding a +0 flail.
Enter note:
Enter note:
Enter note:
Enter note:
Enter note:
Enter note:
Enter note:
Enter note:
Enter note: You shoot an arrow.
The gnoll shouts! x2
The arrow hits the gnoll.
The gnoll is moderately wounded.
You shoot an arrow. The arrow hits the gnoll.
The gnoll is almost dead.
You shoot an arrow. The arrow barely misses the gnoll.
You shoot an arrow. The arrow hits the gnoll!
You kill the gnoll!
You shoot an arrow.
The arrow hits the gnoll but does no damage.
You shoot an arrow. The arrow hits the gnoll!
The gnoll is severely wounded.
You shoot an arrow.
The arrow hits the gnoll but does no damage.
The gnoll is severely wounded.
The gnoll hits you with a +0 club.
You shoot an arrow. The arrow hits the gnoll.
The gnoll is severely wounded.
The gnoll hits you but does no damage. The gnoll misses you.
You shoot an arrow. The arrow hits the gnoll.
The gnoll is almost dead.
The gnoll hits you with a +0 flail! The gnoll hits you with a +0 club.
You shoot an arrow. The arrow hits the gnoll!
You kill the gnoll!
The gnoll barely misses you.
You have reached level 4!
You feel clever.
You shoot an arrow. The arrow barely misses the gnoll.
The gnoll hits you with a +0 flail!
You die...

........
#~.7.7.~###
#.......
.......#~..7..~#
#.......
.......#~~~.~~~#
#.......
.......####'####
#....... .......
##.# #.......
.......###..######
# ....
...%.............#
.................#
......g@.........#
......)##........#
......# ##########
...... ..... .....
.... ....


You could see a gnoll.

Vanquished Creatures
  2 gnolls (D:2)
  An adder (D:1)
  A worm (D:1)
  2 dart slugs
  2 ball pythons
  3 bats
  3 endoplasms (D:1)
  2 giant cockroaches
  4 hobgoblins (D:1)
  A jackal (D:2)
  A frilled lizard (D:2)
  7 goblins
  3 kobolds
  5 rats
37 creatures vanquished.

Notes
Turn   | Place    | Note
-------+----------+-------------------------------------------
     0 | D:1      | qw the Deep Elf Hunter began the quest for the Orb.
     0 | D:1      | Reached XP level 1. HP: 12/12 MP: 3/3
     0 | D:1      | 0 ||| qw: Version: 0.3-a-9-g12657ce
     0 | D:1      | 0 ||| qw: Game counter: 4171
     0 | D:1      | 0 ||| qw: Always use a shield: true
     0 | D:1      | 0 ||| qw: God list: Okawaru
     0 | D:1      | 0 ||| qw: Allow faded altars: false
     0 | D:1      | 0 ||| qw: Do Orc after D:15 true
     0 | D:1      | 0 ||| qw: Do second Lair branch before Depths: true
     0 | D:1      | 0 ||| qw: Lair rune preference: random
     0 | D:1      | 0 ||| qw: Plans: Normal
     0 | D:1      | 0 ||| PLANNING D:1-11
   230 | D:1      | Reached XP level 2. HP: 16/16 MP: 4/4
   250 | D:1      | Reached skill level 6 in Ranged Weapons
   260 | D:1      | Found a faded altar of an unknown god.
   753 | D:1      | 753 ||| READING scroll labelled LOC CAZANWAVE.
   754 | D:1      | 754 ||| DROPPING scroll of butterflies.
   826 | D:2      | 826 ||| STAIRDANCE
   832 | D:1      | Reached XP level 3. HP: 13/20 MP: 5/5
   865 | D:2      | 865 ||| STAIRDANCE
   875 | D:1      | HP: 4/20 [hobgoblin (2)]
   945 | D:2      | 945 ||| STAIRDANCE
   957 | D:2      | 957 ||| STAIRDANCE
   968 | D:2      | 968 ||| STAIRDANCE
   986 | D:2      | Reached skill level 7 in Ranged Weapons
  1258 | D:2      | HP: 5/20 [gnoll/+0 club (4)]
  1260 | D:2      | Reached XP level 4. HP: 7/25 MP: 6/6
  1260 | D:2      | Slain by a gnoll

Levels and vault maps discovered:
D:1:      shiori_arrival_oz, layout_basic,
          hellmonk_ecumenical_altar_pennies_from_heaven,
          chequers_serial_rivers_small_b, minmay_misc_feat_roman,
          hangedman_decor_growths
D:2:      layout_basic, kennysheep_generic_room_10

Skill      XL: |  1  2  3 |
---------------+----------+-----
Ranged Weapons | 6 7 |  7.5
Fighting       | |  1.5
Dodging        | |  2.4
Stealth        | |  1.2

Action                     |  1- 3 |  4- 6 || total
---------------------------+-------+-------++-------
   Fire: Shortbow          |   104 |     1 ||   105
    Use: Scroll            |     1 |       ||     1
 Armour: Leather armour    |    17 |       ||    17
  Dodge: Dodged            |    36 |       ||    36

Table legend:
 A = Non-vault XP
 B = Vault XP
 C = Vault XP percentage of total XP
 D = Non-vault monster count
 E = Vault monster count
 F = Vault count percentage of total count
                 A         B        C        D         E       F
            +---------+---------+-------+---------+---------+-------
      Total |      99 |       6 |   5.7 |      34 |       3 |   8.1
            +---------+---------+-------+---------+---------+-------
        D:1 |      54 |       2 |   3.6 |      22 |       1 |   4.3
        D:2 |      45 |       4 |   8.2 |      12 |       2 |  14.3
            +---------+---------+-------+---------+---------+-------
